 Dungeon Crawl Stone Soup version 0.20-a0-1116-gaa52201 (webtiles) character file.

306 Jarno the Insei (level 6, -2/52 HPs)
             Began as a Naga Transmuter on May 7, 2017.
             Slain by an orc
             ... wielding a +0 club
              (5 damage)
             ... on level 4 of the Dungeon.
             The game lasted 00:08:20 (4742 turns).

Jarno the Insei (Naga Transmuter)                   Turns: 4742, Time: 00:08:21

Health: -2/52      AC:  4    Str: 12    XL:     6   Next: 39%
Magic:  9/9        EV: 10    Int: 14    God:
Gold:   206        SH:  0    Dex: 13    Spells: 3/9 levels left

rFire    . . .     SeeInvis +     - Unarmed
rCold    . . .     Gourm    .   (no shield)
rNeg     . . .     Faith    .   b - +0 robe
rPois    +         Spirit   .   s - +0 helmet (curse)
rElec    .         Reflect  .   (no cloak)
rCorr    .         Harm     .   (no gloves)
MR       .....                  (no barding)
Stlth    ++........             (no amulet)
Regen    0.2/turn               (no ring)
MPRegen  0.2/turn               (no ring)

@: very slow
A: see invisible, deformed body, poison resistance, slowness 2, slow metabolism
1, spit poison 1, AC +2
a: Spit Poison


You were on level 4 of the Dungeon.
You were hungry.

You visited 1 branch of the dungeon, and saw 4 of its levels.

You collected 206 gold pieces.

Inventory:

Missiles
 a - 52 arrows
 f - 79 stones (quivered)
Armour
 b - a +0 robe (worn)
 s - a cursed +0 helmet (worn)
Jewellery
 n - an uncursed ring of ice
Wands
 o - a wand of paralysis (8/24)
 r - a wand of disintegration (13/24)
Scrolls
 e - a scroll of fog {unknown}
 h - 3 scrolls of teleportation {unknown}
 i - 3 scrolls of identify
 p - a scroll of enchant weapon {unknown}
Potions
 g - 2 potions of degeneration
 k - a potion of cancellation
 m - a potion of brilliance {unknown}
 q - a potion of agility {unknown}
 t - 2 potions of curing {unknown}
 u - a potion of haste {unknown}
 v - a potion of invisibility {unknown}
Books
 c - a book of Changes

   Spells                             Type                      Level
   a - Beastly Appendage              Transmutation                1
   b - Sticks to Snakes               Transmutation                2
   c - Spider Form                    Transmutation/Poison         3
   d - Ice Form                       Ice/Transmutation            4
   e - Blade Hands                    Transmutation                5
Comestibles
 d - 3 bread rations
 j - 3 royal jellies
 l - 4 fruits


   Skills:
 * Level 1.9 Fighting
 + Level 2.2 Dodging
 + Level 1.2 Stealth
 * Level 4.6 Unarmed Combat
 - Level 2.0 Spellcasting
 + Level 4.2 Transmutations
 + Level 2.1 Poison Magic


You had 3 spell levels left.
You knew the following spells:

 Your Spells              Type           Power        Failure   Level  Hunger
a - Beastly Appendage     Tmut           ##....       4%          1    ##.....
b - Sticks to Snakes      Tmut           ##......     6%          2    ###....
c - Spider Form           Tmut/Pois      ##........   19%         3    ####...


Dungeon Overview and Level Annotations

Branches:
Dungeon (4/15)
 Temple: D:4-7

Altars:
Kikubaaqudgha

Annotations:
D:4 Grinder


Innate Abilities, Weirdness & Mutations

You cannot wear boots.
Your serpentine skin is tough. (AC +2)
You have supernaturally acute eyesight. (SInv)
Armour fits poorly on your strangely shaped body.
Your system is resistant to poisons. (rPois)
You cover ground very slowly.
You have a slow metabolism.
You can spit poison.


Message History

You barely miss the orc. You hit the orc but do no damage.
The orc closely misses you.
Casting: Beastly Appendage
Confirm with . or Enter, or press ? or * to list all spells.
You have no appropriate body parts free.
You hit the orc but do no damage. The orc closely misses you.
You barely miss the orc. The orc hits you but does no damage.
You barely miss the orc. The orc hits you with a club.
* * * LOW HITPOINT WARNING * * *
You closely miss the orc. The orc hits you with a club.
* * * LOW HITPOINT WARNING * * *
You barely miss the orc. You hit the orc.
The orc is heavily wounded.
The orc hits you with a club.
* * * LOW HITPOINT WARNING * * *
You hit the orc.
The orc is almost dead.
The orc hits you with a club.
You die...

##.# #.....>................
#..###...###################
#.##...........#
##..............#
#≈≈.≈≈##..####..#
##≈#'#≈##..# #..#
#..'_+..#..# #..#
#.≈#+#≈.##.####..### ##
#.≈≈.≈≈......@o....#
#######.
#.#.....#..####..#.#
#.......
#....#.##..####..#.#
#....... ###..........†...#
# #.......
#..####..####.##.# #..<....
#.. #..####.# .# #.......
... .........##.# ###.###.
.. ###..#####...## #.# ##
#...........#####.####


You could see an orc.

Vanquished Creatures
  3 worker ants (D:4)
  An iguana (D:4)
  Robin (D:4)
  2 gnolls (D:3)
  5 adders
  A shadow imp (D:4)
  3 oozes
  An adder skeleton (D:4)
  A dart slug (D:2)
  3 leopard geckos
  9 orcs (D:4)
  4 giant cockroaches
  13 goblins
  8 hobgoblins
  5 jackals
  2 quokkas
  9 bats
  7 frilled lizards
  2 kobolds (D:2)
  10 rats
90 creatures vanquished.

Vanquished Creatures (collateral kills)
  A gnoll (D:3)
  2 worms (D:2)
  A goblin (D:4)
  A bat (D:2)
  A kobold (D:2)
6 creatures vanquished.

Grand Total: 96 creatures vanquished

Notes
Turn   | Place    | Note
-------+----------+-------------------------------------------
     0 | D:1      | Jarno the Naga Transmuter began the quest for the Orb.
     0 | D:1      | Reached XP level 1. HP: 18/18 MP: 3/3
   143 | D:1      | Reached XP level 2. HP: 10/25 MP: 5/5
   797 | D:1      | Reached XP level 3. HP: 14/31 MP: 6/6
   964 | D:1      | Learned a level 2 spell: Sticks to Snakes
   968 | D:1      | Learned a level 3 spell: Spider Form
  1290 | D:2      | Reached skill level 1 in Poison Magic
  1864 | D:2      | Reached XP level 4. HP: 36/38 MP: 7/7
  3259 | D:3      | Reached XP level 5. HP: 19/44 MP: 0/8
  3833 | D:4      | Noticed Robin
  4047 | D:4      | Killed Robin
  4210 | D:4      | Reached skill level 1 in Stealth
  4228 | D:4      | Reached XP level 6. HP: 30/51 MP: 9/9
  4379 | D:4      | Found an ancient bone altar of Kikubaaqudgha.
  4565 | D:4      | Noticed Grinder
  4742 | D:4      | Slain by an orc

Vault maps used:
D:1:      roderic_dead_forest
D:2:      serial_forest, infiniplex_forest_lined_room_3,
          infiniplex_forest_lined_corner, infiniplex_forest_clump_double,
          infiniplex_forest_zigzag_1, infiniplex_forest_join,
          infiniplex_forest_clump_tiny
D:4:      kennysheep_mini_moat, tgw_trog, uniq_grinder, uniq_robin

Skill      XL: |  1  2  3  4  5 |
---------------+----------------+-----
Transmutations | 3 4 |  4.2
Poison Magic   | 1 2 |  2.1
Dodging        | 2 |  2.2
Stealth        | 1 |  1.2
Unarmed Combat | 4 |  4.6
Fighting       | |  1.9
Spellcasting   | |  2.0

Action                   |  1- 3 |  4- 6 || total
-------------------------+-------+-------++-------
Melee: Unarmed           |   122 |   292 ||   414
       Headbutt          |     3 |     9 ||    12
       Punch             |       |     2 ||     2
Throw: Stone             |     2 |     1 ||     3
 Cast: Beastly Appendage |     6 |    13 ||    19
       Sticks to Snakes  |     3 |     6 ||     9
 Abil: Spit Poison       |     2 |     4 ||     6
  Use: Scroll            |     5 |       ||     5
 Stab: Sleeping          |       |     1 ||     1
  Eat: Chunk             |     2 |     8 ||    10
Armor: Robe              |    49 |    67 ||   116
Dodge: Dodged            |    95 |   150 ||   245
